Map: Year Zero LE

Players

Leenock - Winner!

  • Race: Zerg Zerg
  • Spawn Location: 11:00

Lambo

  • Race: Zerg Zerg
  • Spawn Location: 1:00

Event: IEM Season 13: Katowice (2019)

VOD

Have the link to the VOD?

Description

Time

  • Played on: Feb. 28, 2019, 11:59 a.m.
  • Length: 9:49

All games in this series

Show
View Real Time Build Order
Export as new Build Order

Leenock Zerg - Winner!

Build Orders: Hatch First 

Get SALT Encoding   

  12  0:00  Drone  
  13  0:12  Overlord  
  13  0:17  Drone  
  14  0:31  Drone x2  
  14  0:35  Drone  
  17  0:52  Hatchery  
  17  0:55  Drone  
  17  0:58  Drone  
  18  1:04  Extractor  
  17  1:14  Spawning Pool  
  17  1:17  Drone  
  17  1:20  Drone  
  18  1:28  Drone  
  19  1:40  Overlord  
  19  1:51  Drone  
  20  2:00  Queen  
  20  2:01  Drone  
  23  2:04  Queen, Zergling x2  
  23  2:08  Metabolic Boost  
  26  2:12  Drone  
  27  2:16  Drone  
  27  2:22  Drone  
  29  2:26  Drone  
  30  2:32  Drone  
  31  2:39  Hatchery  
  31  2:41  Drone  
  31  2:47  Baneling Nest  
  30  2:52  Overlord  
  30  2:56  Drone x2  
  32  2:59  Zergling x2  
  33  3:07  Drone  
  33  3:10  Drone x2  
  33  3:12  Drone x2  
  38  3:15  Drone  
  38  3:19  Queen  
  39  3:24  Zergling x2  
  39  3:25  Zergling x2  
  43  3:31  Zergling x2, Baneling x2  
  43  3:33  Overlord  
  44  3:51  Overlord  
  44  3:53  Drone x6  
  50  3:57  Drone  
  50  4:00  Drone  
  52  4:03  Drone  
  52  4:05  Lair, Extractor  
  52  4:08  Evolution Chamber  
  52  4:09  Drone  
  52  4:10  Baneling x2  
  52  4:11  Drone  
  52  4:12  Overlord  
  52  4:15  Extractor  
  52  4:17  Drone  
  52  4:23  Drone x5  
  57  4:24  Drone  
  57  4:27  Drone  
  59  4:36  Overlord  
  60  4:38  Drone x3  
  60  4:39  Drone  
  62  4:47  Zergling x6  
  62  4:52  Extractor  
  64  4:54  Extractor  
  64  5:00  Zergling x4  
  64  5:04  Spire  
  64  5:06  Zergling x2  
  63  5:07  Zergling x2  
  63  5:08  Zergling x2  
  63  5:12  Drone x4  
  68  5:15  Extractor  
  68  5:18  Zergling x2  
  68  5:21  Overlord  
  68  5:26  Zergling x4  
  68  5:27  Zergling x2  
  71  5:30  Zergling x2  
  71  5:31  Zergling x2, Baneling x2  
  71  5:32  Baneling  
  73  5:38  Zergling x2  
  73  5:39  Zergling x12  
  80  5:48  Spine Crawler  
  80  5:49  Spine Crawler x2  
  77  5:50  Spine Crawler  
  75  6:15  Mutalisk  
  75  6:16  Mutalisk x6  
  89  6:18  Overlord  
  88  6:29  Mutalisk  
  88  6:30  Spine Crawler  
  88  6:33  Spine Crawler  
  88  6:34  Mutalisk  
  88  6:35  Mutalisk x2, Spine Crawler  
  88  6:37  Mutalisk  
  88  6:39  Zergling x4  
  87  6:43  Mutalisk  
  82  6:47  Zergling x8  
  82  6:50  Mutalisk  
  64  6:55  Zergling x2  
  62  7:05  Mutalisk  
  63  7:15  Mutalisk  
  64  7:24  Drone  
  64  7:31  Mutalisk  
  63  7:38  Mutalisk  
  65  7:47  Mutalisk  
  61  8:00  Mutalisk  
  46  8:53  Drone x3  
  49  9:14  Hatchery  
  48  9:26  Drone  
  48  9:27  Drone  
  48  9:30  Drone  
Show
View Real Time Build Order
Export as new Build Order

Lambo Zerg 

Build Orders: Hatch First 

Get SALT Encoding   

  12  0:00  Drone  
  13  0:13  Overlord  
  13  0:17  Drone  
  14  0:31  Drone x2  
  16  0:49  Hatchery  
  15  0:52  Drone  
  15  0:56  Drone  
  17  0:59  Drone  
  18  1:10  Extractor  
  17  1:14  Spawning Pool  
  17  1:18  Drone  
  17  1:22  Drone  
  18  1:28  Drone  
  19  1:40  Drone  
  20  1:51  Drone  
  21  2:01  Queen x2, Overlord, Drone  
  26  2:10  Metabolic Boost  
  26  2:14  Drone x2  
  28  2:23  Zergling x4  
  30  2:36  Hatchery  
  29  2:39  Drone  
  29  2:42  Drone  
  29  2:43  Drone  
  32  2:51  Baneling Nest  
  32  2:54  Zergling x2  
  32  2:56  Overlord  
  32  2:59  Drone  
  33  3:08  Drone  
  33  3:12  Zergling x4  
  36  3:14  Drone  
  36  3:15  Drone x2  
  36  3:17  Drone  
  36  3:18  Overlord  
  40  3:22  Zergling x2  
  40  3:24  Drone  
  42  3:35  Evolution Chamber, Drone x2  
  42  3:40  Drone  
  42  3:41  Drone x3  
  47  3:46  Queen  
  47  3:47  Drone  
  50  3:52  Extractor  
  50  3:53  Extractor  
  50  3:55  Baneling x2  
  48  3:57  Lair  
  48  3:58  Drone  
  48  4:01  Drone  
  50  4:04  Drone  
  50  4:08  Roach Warren  
  50  4:09  Drone  
  50  4:14  Drone x3  
  50  4:15  Drone  
  54  4:20  Drone x3  
  57  4:27  Drone  
  58  4:31  Overlord  
  58  4:33  Overlord  
  58  4:35  Overlord, Zerg Missile Weapons Level 1  
  58  4:44  Drone  
  58  4:52  Extractor  
  58  4:53  Drone x4  
  58  4:55  Overlord  
  60  5:02  Glial Reconstitution  
  60  5:05  Drone  
  60  5:06  Drone  
  61  5:07  Roach x6  
  73  5:17  Roach x3  
  73  5:19  Roach x2  
  83  5:31  Nydus Network  
  83  5:32  Roach  
  83  5:36  Roach x2, Zergling x2  
  83  5:37  Overlord, Zergling x2  
  83  5:39  Overlord x2  
  89  5:46  Overlord  
  89  5:48  Overlord  
  89  5:53  Overlord  
  97  5:57  Roach x5  
  97  5:58  Baneling  
  97  5:59  Roach  
  97  6:03  Roach  
  103  6:09  Roach x2  
  103  6:10  Baneling  
  103  6:11  Baneling  
  109  6:15  Nydus Canal  
  109  6:17  Roach  
  104  6:20  Roach  
  104  6:23  Roach x3  
  104  6:27  Zergling x4  
  104  6:29  Nydus Canal  
  104  6:35  Roach  
  104  6:37  Spore Crawler  
  104  6:39  Spore Crawler x2  
  100  6:42  Roach  
  100  6:43  Nydus Canal  
  100  6:45  Roach x2  
  104  6:49  Spore Crawler  
  104  6:52  Roach  
  97  6:57  Roach  
  97  7:03  Spore Crawler  
  94  7:09  Spore Crawler  
  94  7:12  Spore Crawler  
  94  7:13  Spore Crawler  
  94  7:14  Roach  
  91  7:19  Roach  
  91  7:21  Nydus Canal  
  86  7:26  Roach  
  87  7:42  Overseer  
  87  7:43  Spore Crawler  
  38  8:47  Ravager  
  39  8:59  Hatchery  

Tags
 
Add a new tag
Caveats
  • Supply blocks, unpowered buildings, or Contaminate may cause inaccurate times.
  • Supply counts are checked every 10 seconds.